 Dungeon Crawl Stone Soup version 0.18-a0-1764-gf4ddf0b (webtiles) character file.

161 namelastname112 the Insei (level 5, 0/41 HPs)
             Began as a Draconian Transmuter on Apr 13, 2016.
             Was a Believer of Jiyva.
             Succumbed to a worker ant's poison
             ... on level 4 of the Dungeon.
             The game lasted 00:03:52 (2098 turns).

namelastname112 the Insei (Draconian Transmuter)    Turns: 2098, Time: 00:03:53

Health: 0/41       AC:  2    Str: 12    XL:     5   Next: 18%
Magic:  3/9        EV: 20    Int: 14    God:    Jiyva [**....]
Gold:   166        SH:  0    Dex: 17    Spells: 3 memorised, 3 levels left

rFire  . . .     SeeInvis .       - Unarmed
rCold  . . .     Gourm    .     (armour unavailable)
rNeg   . . .     Faith    .     (shield currently unavailable)
rPois  x         Spirit   .     (helmet currently unavailable)
rElec  .         Dismiss  .     (cloak currently unavailable)
rCorr  .         Reflect  .     (gloves currently unavailable)
SustAt .         Harm     .     (boots currently unavailable)
MR     .....                    (no amulet)
Stlth  +++.......               (no ring)
                                p - ring of stealth

@: lethally poisoned (0 -> -26), spider-form (expiring), not resistant to
hostile enchantments, fairly stealthy
A: unfitting armour, (cold-blooded), AC +5
a: End Transformation, Request Jelly, Jelly Paralyse, Renounce Religion


You were on level 4 of the Dungeon.
You worshipped Jiyva.
Jiyva was pleased with you.
You were hungry.
You were a venomous arachnid creature.
You visited 1 branch of the dungeon, and saw 4 of its levels.

You collected 166 gold pieces.

Inventory:

Missiles
 a - 23 arrows
Armour
 j - a +0 pair of gloves (melded)
Jewellery
 p - a ring of stealth (left front leg)
Scrolls
 d - 2 scrolls of identify {unknown}
 e - a scroll of fear {unknown}
 g - a scroll of recharging {unknown}
 k - a scroll of amnesia {unknown}
 l - a scroll of magic mapping {unknown}
 n - a scroll of fog {unknown}
 s - 2 scrolls of remove curse {unknown}
Potions
 m - 2 potions of curing
 q - a potion of haste {unknown}
 r - a potion of invisibility {unknown}
 t - a potion of mutation {unknown}
 u - a potion of flight {unknown}
Books
 b - a book of Changes

   Spells                             Type                      Level
   a - Beastly Appendage              Transmutation                1
   b - Sticks to Snakes               Transmutation                2
   c - Spider Form                    Transmutation/Poison         3
   d - Ice Form                       Ice/Transmutation            4
   e - Blade Hands                    Transmutation                5
Comestibles
 c - 3 bread rations
 f - 2 royal jellies
 h - 2 meat rations
 i - a beef jerky


   Skills:
 + Level 2.0 Fighting
 + Level 2.5 Dodging
 * Level 4.1 Unarmed Combat
 + Level 2.7 Spellcasting
 * Level 3.0 Transmutations


You had 3 spell levels left.
You knew the following spells:

 Your Spells              Type           Power        Failure   Level  Hunger
a - Beastly Appendage     Trmt           ##....       24%         1    #......
b - Sticks to Snakes      Trmt           ##......     28%         2    ###....
c - Spider Form           Trmt/Pois      #.........   61%         3    ###....


Dungeon Overview and Level Annotations

Branches:
Dungeon (4/15)
 Temple: D:4-7

Altars:
Okawaru
Pakellas
Qazlal
Ru
Jiyva

Annotations:
D:3 Grinder


Innate Abilities, Weirdness & Mutations

((Your plain brown scales are hard (AC +5).))
Your body does not fit into most forms of armour.
((You are cold-blooded and may be slowed by cold attacks.))


Message History

A hound comes into view.
The worker ant misses you.
You hit the worker ant.
The worker ant is poisoned.
The worker ant is lightly wounded.
The worker ant bites you.
* * * LOW HITPOINT WARNING * * *
You take 5 damage, and have 9/41 hp.
You hit the worker ant.
The worker ant looks even sicker.
The worker ant is heavily wounded.
Your transformation is almost over.
The hound barks!
The worker ant bites you.
* * * LOW HITPOINT WARNING * * *
You are lethally poisoned!
The worker ant poisons you! The worker ant bites you.
* * * LOW HITPOINT WARNING * * *
You are more poisoned.
The worker ant poisons you!
You take 6 damage, and have 3/41 hp.
You die...

#.........###.........
#.....[...#.........#.
###########.........#
#.........#
#.........#
#.........# .
#.........# ...
#.......[.#
.....###s........#
........?........#
......a..#########
####.....# #....h#
#.....# #.....#
#.....# #######


You could see a hound and a worker ant.

Vanquished Creatures
  A scorpion (D:4)
  A hound skeleton (D:4)
  A gnoll (D:1)
  4 adders
  A worm (D:2)
  3 giant geckos
  A ball python (D:2)
  3 giant cockroaches
  A goblin (D:2)
  3 hobgoblins
  6 jackals
  A quokka (D:4)
  4 bats
  3 giant newts (D:2)
  8 kobolds
  8 rats
49 creatures vanquished.

Vanquished Creatures (others)
  2 adders
  A worm (D:3)
  A giant cockroach (D:3)
  2 goblins
  A hobgoblin (D:2)
  A giant newt (D:2)
8 creatures vanquished.

Grand Total: 57 creatures vanquished

Notes
Turn   | Place    | Note
--------------------------------------------------------------
     0 | D:1      | namelastname112 the Draconian Transmuter began the quest for the Orb.
     0 | D:1      | Reached XP level 1. HP: 16/16 MP: 3/3
   181 | D:1      | Reached XP level 2. HP: 11/23 MP: 5/5
   538 | D:1      | Learned a level 2 spell: Sticks to Snakes
   568 | D:1      | crauler: вот кстати хорошая идея или нет
   689 | D:1      | crauler: хотя это править заебешься если вообще возможно
   723 | D:1      | Reached XP level 3. HP: 24/28 MP: 6/6
   862 | D:2      | Found a sacrificial altar of Ru.
   862 | D:2      | Found an oddly glowing altar of Pakellas.
   862 | D:2      | Found a stormy altar of Qazlal.
   916 | D:2      | Found a faded altar to an unknown god.
  1144 | D:2      | Became a worshipper of Jiyva Jyupath the Shapeless
  1144 | D:2      | Reached * piety under Jiyva
  1144 | D:2      | crauler: в кравле дохуя формул основанных на 1DN
  1144 | D:2      | namelastname112: какая идея-то?
  1148 | D:2      | Learned a level 3 spell: Spider Form
  1284 | D:2      | crauler: ну что хуево когда не игра а рулетка какаято
  1286 | D:2      | crauler: во всех формулах кубик от 1 да максимума
  1289 | D:2      | crauler: *до
  1298 | D:2      | Reached XP level 4. HP: 9/35 MP: 1/7
  1354 | D:2      | Reached ** piety under Jiyva
  1768 | D:2      | crauler: если добавить кубов до распределение ближе к середине
  1842 | D:3      | Found an iron altar of Okawaru.
  1977 | D:3      | Noticed Grinder
  2024 | D:4      | Reached skill level 4 in Unarmed Combat
  2054 | D:4      | Reached XP level 5. HP: 17/41 MP: 1/9
  2090 | D:4      | namelastname112: девы так не думают
  2090 | D:4      | namelastname112: мы же игроки
  2090 | D:4      | namelastname112: ниче не понимаем в дизайне
  2090 | D:4      | crauler: ну это то понятно
  2098 | D:4      | Succumbed to a worker ant's poison

Vault maps used:
D:1:      minmay_arrival_four_houses
D:2:      grunt_temple_overflow_open, ecumenical_altar_1
D:3:      okawaru_gym_becter, uniq_grinder
D:4:      tso_metal_star, temple_statues, first_bread, uniq_sigmund,
          uniq_blork_the_orc

Skill      XL: |  1  2  3  4 |
---------------+-------------+-----
Dodging        | 2 |  2.5
Unarmed Combat | 4 |  4.1
Fighting       | 2 |  2.0
Transmutations | 3 |  3.0
Spellcasting   | |  2.7

Action                   |  1- 3 |  4- 6 || total
-------------------------+-------+-------++-------
Melee: Unarmed           |   142 |    62 ||   204
       Tailslap          |    11 |     5 ||    16
       Headbutt          |     1 |       ||     1
       Kick              |     5 |       ||     5
       Punch             |     2 |     3 ||     5
 Cast: Beastly Appendage |     2 |       ||     2
       Spider Form       |       |     3 ||     3
       Sticks to Snakes  |       |     1 ||     1
  Use: Potion            |     1 |       ||     1
 Stab: Sleeping          |       |     2 ||     2
  Eat: Chunk             |     1 |     2 ||     3
Armor: Skin              |    52 |    20 ||    72
Dodge: Dodged            |    97 |    31 ||   128
